Unix NetHack Version 3.7.0-89 Work-in-progress - last build Sep 24 2023 11:22:49 (53c758e20ec9f971c2df60ea6fdb70904a508c9c,branch:master). Game began 2023-09-24 18:49:29, ended 2023-09-24 19:52:57. Arasaka, lawful male dwarven Caveman ------- # |.....-# #0# |.....|##### # |......# ###-..----------- ###...._.|### #.............-# # |....*-# # |........`...|# a -------# ####.............|# @ # ------..-.-.--# + # ## #### #0 # --------------- # # # ############## ## ###-.........{...| ## # #-.---------#####"############## |.............| ###### # #|...>.....|# # |.............| # # #|.........|# ### ###..............| ## # #-..........# #---------- #### --------------- --------.--- ## ----------- #|........|## |<.........| # #..........# |...........### |........| ------------ ---------- Arasaka the Wanderer St:15 Dx:14 Co:20 In:8 Wi:9 Ch:9 Lawful Dlvl:5 $:0 HP:0(69) Pw:21(21) AC:3 Xp:7/1153 T:7674 Satiated Latest messages: The grid bug misses! The grid bug misses! Where do you want to travel to? (For instructions type a '?') You don't find anything here to loot. The grid bug bites! You avoid harm. The grid bug bites! You get zapped! The grid bug just misses! What do you want to sacrifice? [E or ?*] Your sacrifice is consumed in a flash of light! What do you want to wield? [- abqA or ?*] You are already wielding that! You see here 19 uncursed flint stones. You see here 19 uncursed flint stones. You kill the grid bug! You kill the grid bug! The grid bug misses! You kill the grid bug! You see here 19 uncursed flint stones. What do you want to put on? [D or ?*] You don't have that object. What do you want to put on? [D or ?*] Never mind. What do you want to put on? [D or ?*] You are now wearing a towel around your head. You can't see any more. What do you want to zap? [hM or ?*] You were wearing an uncursed towel. You can see again. You hit the soldier ant! You hit the soldier ant! The soldier ant bites! The soldier ant stings! The soldier ant's sting was poisoned! You feel weaker! The soldier ant bites! The soldier ant stings! The soldier ant's sting was poisoned! You hit the soldier ant. The soldier ant bites! The soldier ant stings! You miss the soldier ant. You miss the soldier ant. The soldier ant bites! The soldier ant stings! The soldier ant just misses! The soldier ant stings! You die... Inventory: Weapons (')') b - an uncursed +2 sling A - an uncursed +1 club (weapon in hand) a - an uncursed +0 halberd Armor ('[') y - an uncursed +0 orcish helm (being worn) r - a cursed -1 pair of elven boots V - an uncursed +0 pair of iron shoes (being worn) f - an uncursed rusty +0 ring mail (being worn) Comestibles ('%') i - an uncursed carrot t - an uncursed clove of garlic x - 2 uncursed food rations Spellbooks ('+') u - an uncursed spellbook of detect monsters Potions ('!') s - a blessed potion of acid m - an uncursed potion of object detection Wands ('/') M - an uncursed wand of cold (0:0) h - a blessed wand of light (0:11) Tools ('(') z - an uncursed sack containing 2 items C - an uncursed magic whistle B - a cursed oil lamp q - an uncursed +0 pick-axe D - an uncursed towel Gems/Stones ('*') w - an uncursed worthless piece of blue glass v - an uncursed worthless piece of violet glass Contents of the sack: 881 gold pieces an uncursed ring of polymorph control Arasaka the Caveman's attributes: Background: You were a Wanderer, a level 7 dwarven Caveman. You were lawful, on a mission for Anu who was opposed by Ishtar (neutral) and Anshar (chaotic). You were in the Dungeons of Doom, on level 5. You entered the dungeon 7674 turns ago. You had 1153 experience points, 127 more were needed to attain level 8. Basics: You had 0 out of 69 hit points. You had all 21 energy points (spell power). Your armor class was 3. Your wallet was empty, but you had 881 zorkmids stashed away in your pack. Autopickup was on for '$"?' plus thrown, with exceptions. Final Characteristics: Your strength was 15 (peak:18/02, limit:18/100). Your dexterity was 14 (limit:20). Your constitution was 20 (limit:20). Your intelligence was 8 (limit:16). Your wisdom was 9 (limit:16). Your charisma was 9 (limit:16). Final Status: You were satiated. You were unencumbered. You were wielding a club. You were skilled in club. Final Attributes: You were piously aligned. You were fire resistant. You were telepathic. You had infravision. You had a small defense bonus (+2). You were warded. You were fast. You are dead. Miscellaneous: You disabled loading of bones levels. Total elapsed playing time was 1 hour, 3 minutes and 26 seconds. Major events: Turn 1: Arasaka the lawful dwarven Caveman entered the dungeon 915: entered the Gnomish Mines 1283: attained the rank of Aborigine (level 3) 2470: entered Sokoban 3373: attained the rank of Wanderer (level 6) 3579: completed 1st Sokoban level 6470: reached Mine Town 7674: killed by a soldier ant Vanquished creatures: a large mimic a leprechaun a gnome ruler an orc mummy an owlbear a dingo 2 jaguars 2 apes a Woodland-elf a soldier ant a wood nymph a rock mole 2 fog clouds 3 yellow lights a golden naga hatchling a paper golem 9 giant ants a little dog 5 floating eyes 2 kittens 4 dwarves a kobold leader 2 kobold shamans 6 hill orcs 7 rothes a centipede 2 giant bats 2 orc zombies 2 iguanas a coyote 6 manes a hobgoblin 9 giant rats 6 cave spiders a brown mold 3 yellow molds a green mold a red mold 2 gnomes a gnome zombie 3 geckos 7 jackals 2 kobolds 2 goblins 2 sewer rats 8 grid bugs 2 bats 4 lichens 3 kobold zombies 4 newts 134 creatures vanquished. No species were genocided or became extinct. Voluntary challenges: You read items or engraved 8 times. You engraved Elbereth 3 times. You never genocided any monsters. You never polymorphed an object. You never changed form. You used no wishes. You did not violate any of the special Sokoban rules. Achievements: You entered the Gnomish Mines. You entered a shop. You attained the rank of Aborigine. You entered Sokoban. You attained the rank of Wanderer. You entered Minetown. You entered a temple. The Dungeons of Doom: levels 1 to 8 Level 1: "dog" Level 2: Level 3: A scroll shop, some fountains. Stairs down to The Gnomish Mines. Level 4: "v" A fountain, a grave. Level 5: "soldier ant below" <- You were here. An altar to Anu, a fountain. Final resting place for you, killed by a soldier ant. Level 6: Level 7: Stairs up to Sokoban, level 6. Level 8: The Gnomish Mines: levels 4 to 8 Level 4: Level 5: Level 6: Many shops, a temple, many fountains. Level 7: Level 8: Sokoban: levels 6 up to 5 Level 5: Unsolved. Level 6: Solved. Game over: ---------- / \ / REST \ / IN \ / PEACE \ / \ | Arasaka | | 881 Au | | killed by a | | soldier ant | | | | | | 2023 | *| * * * | * _________)/\\_//(\/(/\)/\//\/|_)_______ Goodbye Arasaka the Caveman... You died in The Dungeons of Doom on dungeon level 5 with 5775 points, and 881 pieces of gold, after 7674 moves. You were level 7 with a maximum of 69 hit points when you died.